 Dungeon Crawl Stone Soup version 0.16.2-12-gd0ad4c3 (webtiles) character file.

131 musteatbrain the Chopper (level 4, 0/39 HPs)
             Began as a Minotaur Berserker on Sept 26, 2015.
             Was a Believer of Trog.
             Slain by Prince Ribbit (6 damage)
             ... on level 4 of the Dungeon.
             The game lasted 00:10:08 (2627 turns).

musteatbrain the Chopper (Minotaur Berserker)       Turns: 2627, Time: 00:10:08

Health: 0/39       AC:  5    Str: 23    XL:     4   Next: 91%
Magic:  2/2        EV: 11    Int:  4    God:    Trog [**....]
Gold:   103        SH:  0    Dex:  9    Spells: 0 memorised, 3 levels left

rFire  . . .     SeeInvis .     a - +0 hand axe
rCold  . . .     Clarity  .     p - +0 ring mail
rNeg   . . .     SustAb   .     (no shield)
rPois  .         Gourm    +     (helmet restricted)
rElec  .         Spirit   .     (no cloak)
rCorr  .         Warding  .     (no gloves)
rMut   .         Stasis   .     (no boots)
MR     .....                    d - amulet of the gourmand
Stlth  ..........               (no ring)
                                (no ring)

@: not resistant to hostile enchantments, extremely unstealthy
A: retaliatory headbutt, horns 2
a: Burn Spellbooks, Berserk, Trog's Hand, Renounce Religion


You were on level 4 of the Dungeon.
You worshipped Trog.
Trog was pleased with you.
You were not hungry.

You visited 1 branch of the dungeon, and saw 4 of its levels.

You collected 103 gold pieces.

Inventory:

Hand weapons
 a - a +0 hand axe (weapon)
Armour
 b - a +0 animal skin
 p - a +0 ring mail (worn)
Jewellery
 d - an amulet of the gourmand (around neck)
 o - a cursed ring of teleportation {unknown}
Scrolls
 g - a scroll of remove curse
 h - 2 scrolls of recharging {unknown}
 i - 3 scrolls of blinking {unknown}
 l - a scroll of fear {unknown}
 m - a scroll of enchant weapon {unknown}
 q - a scroll of magic mapping {unknown}
 r - a scroll of random uselessness {unknown}
 s - a scroll of identify {unknown}
Potions
 e - a potion of restore abilities
 j - a potion of ambrosia {unknown}
 k - a potion of magic
 t - a potion of heal wounds {unknown}
 u - a potion of agility {unknown}
 v - a potion of lignification {unknown}
Comestibles
 c - 2 bread rations
 f - a royal jelly
 n - a beef jerky


   Skills:
 - Level 3.6 Fighting
 * Level 6.8 Axes
 - Level 2.4 Armour
 - Level 2.1 Dodging


You had 3 spell levels left.
You didn't know any spells.

Dungeon Overview and Level Annotations

Branches:
Dungeon (4/15)             Temple (0/1) D:4

Altars:

Annotations:
D:4 Prince Ribbit


Innate Abilities, Weirdness & Mutations

You reflexively headbutt those who attack you in melee.
You have a pair of horns on your head.


Message History

You slash Prince Ribbit!
Prince Ribbit is lightly wounded.
Prince Ribbit misses you. You furiously retaliate!
You headbutt Prince Ribbit! Prince Ribbit barely misses you.
Prince Ribbit momentarily phases out as your attack passes through him.
Prince Ribbit is heavily wounded.
Prince Ribbit blinks!
You completely miss Prince Ribbit.
Your headbutt passes through Prince Ribbit as he momentarily phases out.
Prince Ribbit is heavily wounded.
Prince Ribbit hits you!
You miss Prince Ribbit.
Your headbutt passes through Prince Ribbit as he momentarily phases out.
Prince Ribbit is heavily wounded.
Prince Ribbit hits you!
* * * LOW HITPOINT WARNING * * *
Drink which item? (? for menu, Esc to quit)
It was a potion of magic.
Magic courses through your body. Prince Ribbit hits you.
You die...

#.# #.# # ####.# #.#
# #....# #.#
#####.##.###### #>#
#.............## #.#
..#.#.###.###..# #F#
..#.#.#...#....# #.#
#.###.###.###..###)#
...............ยง@F.#
#..............#####
#.#.#.###.###..#
#.#.#.. #.. #..#
#.###. #.# #..# . ...
...# ....(..#
##.###.## . .


You could see Prince Ribbit.

Vanquished Creatures
  A gnoll (D:1)
  2 adders (D:2)
  2 giant mites
  A worm (D:2)
  4 giant geckos
  7 orcs
  3 giant cockroaches
  10 goblins
  5 hobgoblins
  2 jackals (D:1)
  9 kobolds
  2 quokkas (D:3)
  A ball python (D:1)
  11 bats
  5 giant newts
  5 rats
70 creatures vanquished.

Notes
Turn   | Place    | Note
--------------------------------------------------------------
     0 | D:1      | musteatbrain, the Minotaur Berserker, began the quest for the Orb.
     0 | D:1      | Reached XP level 1. HP: 19/19 MP: 1/1
    13 | D:1      | Reached skill level 4 in Axes
   251 | D:1      | Reached XP level 2. HP: 26/26 MP: 1/1
   291 | D:1      | Reached skill level 5 in Axes
   336 | D:1      | Acquired Trog's second power
   336 | D:1      | Reached XP level 3. HP: 31/31 MP: 2/2
  1167 | D:2      | Reached skill level 6 in Axes
  1167 | D:2      | Reached XP level 4. HP: 32/39 MP: 2/2
  2596 | D:4      | Found a staircase to the Ecumenical Temple.
  2597 | D:4      | Noticed Prince Ribbit
  2627 | D:4      | Slain by Prince Ribbit

Action                   |  1- 3 |  4- 6 || total
-------------------------+-------+-------++-------
Melee: Hand axe          |    78 |    66 ||   144
Invok: Trog's Hand       |     1 |     2 ||     3
  Use: Potion            |     1 |     1 ||     2
       Scroll            |       |     3 ||     3
  Eat: Chunk             |    11 |     4 ||    15
